| TOP OF THE 1ST |
|
Indianapolis Indians batting - Pitching for Louisville Bats : RHP Roberto Cortez
|
|
Pitching: RHP Roberto Cortez
|
|
|
Batting: RHB Jason Gee
|
0-0: Ball 1-0: Swinging Strike 1-1: Ground out U3 (Groundball, 13, EV 86.9 MPH)
|
|
Batting: RHB Jerry Escamilla
|
0-0: Called Strike 0-1: Ball 1-1: Ball 2-1: Foul Ball, location: 2F 2-2: Strikes out swinging
|
|
Batting: LHB Edwin Aguilar
|
0-0: Ball 1-0: Ball 2-0: Foul Ball, location: 2F 2-1: Swinging Strike 2-2: Strikes out swinging, 2-3 out at first.
|
| Top of the 1st over - 0 runs, 0 hits, 0 errors, 0 left on base; Indianapolis 0 - Louisville 0 |
| BOTTOM OF THE 1ST |
|
Louisville Bats batting - Pitching for Indianapolis Indians : RHP Antonio Alvarez
|
|
Pitching: RHP Antonio Alvarez
|
|
|
Batting: RHB Ryan Short
|
0-0: Ball 1-0: Ball 2-0: Foul Ball, location: 2F 2-1: Ball 3-1: Foul Ball, location: 2F 3-2: Foul Ball, location: 2F 3-2: SINGLE (Groundball, 25, EV 70.6 MPH) (infield hit)
|
|
Batting: RHB Danny Real
|
0-0: Called Strike Ryan Short is caught stealing 2nd base 2-4 0-1: Fly out, F9 (Flyball, 9, EV 91.9 MPH)
|
|
Batting: RHB Bruno André
|
0-0: Ball 1-0: Ball 2-0: Called Strike 2-1: Ball 3-1: Base on Balls
|
|
Batting: SHB Freddie Farrar
|
0-0: Swinging Strike 0-1: Ground out 4-3 (Groundball, 4, EV 100.0 MPH)
|
| Bottom of the 1st over - 0 runs, 1 hit, 0 errors, 1 left on base; Indianapolis 0 - Louisville 0 |
| TOP OF THE 2ND |
|
Indianapolis Indians batting - Pitching for Louisville Bats : RHP Roberto Cortez
|
|
Batting: RHB Adam Kaeser
|
0-0: Called Strike 0-1: Ball 1-1: Foul Ball, location: 2F 1-2: Foul Ball, location: 2F 1-2: Foul Ball, location: 2F 1-2: Strikes out looking
|
|
Batting: RHB Caleb Russell
|
0-0: Swinging Strike 0-1: Ground out 4-3 (Groundball, 6M, EV 105.0 MPH)
|
|
Batting: RHB Luis Ramos
|
0-0: Foul Ball, location: 2F 0-1: Swinging Strike 0-2: Strikes out swinging
|
| Top of the 2nd over - 0 runs, 0 hits, 0 errors, 0 left on base; Indianapolis 0 - Louisville 0 |
| BOTTOM OF THE 2ND |
|
Louisville Bats batting - Pitching for Indianapolis Indians : RHP Antonio Alvarez
|
|
Batting: RHB Won-jun Park
|
0-0: Called Strike 0-1: Swinging Strike 0-2: Ball 1-2: Foul Ball, location: 2F 1-2: Strikes out swinging
|
|
Batting: LHB Satoru Handa
|
0-0: Ground out 6-3 (Groundball, 6M, EV 104.4 MPH)
|
|
Batting: RHB Pedro Pinero
|
0-0: Foul Ball, location: 2F 0-1: Ball 1-1: Ball 2-1: DOUBLE (Line Drive, 78M, EV 86.9 MPH)
|
|
Batting: RHB Eric Sullivan
|
0-0: Called Strike 0-1: Reached on error, E4 (Groundball, 34, EV 85.6 MPH) Pedro Pinero to third
|
|
Batting: RHB Jay Jacobson
|
0-0: Ball 1-0: Ball 2-0: Foul Ball, location: 2F 2-1: Called Strike 2-2: Strikes out swinging
|
| Bottom of the 2nd over - 0 runs, 1 hit, 1 error, 2 left on base; Indianapolis 0 - Louisville 0 |
| TOP OF THE 3RD |
|
Indianapolis Indians batting - Pitching for Louisville Bats : RHP Roberto Cortez
|
|
Batting: LHB Jorge Quintana
|
0-0: Ground out 6-3 (Groundball, 6, EV 81.9 MPH)
|
|
Batting: RHB Matt Keef
|
0-0: Ball 1-0: SINGLE (Groundball, 4MD, EV 105.6 MPH)
|
|
Batting: RHB Slamet Pamungkas
|
0-0: Ball 1-0: DOUBLE (Flyball, 78D, EV 93.1 MPH) Matt Keef to third
|
|
Batting: RHB Jason Gee
|
0-0: Called Strike 0-1: Ground out 4-3 (Groundball, 4, EV 77.5 MPH) Matt Keef scores Slamet Pamungkas to third
|
|
Batting: RHB Jerry Escamilla
|
0-0: SINGLE (Groundball, P, EV 86.9 MPH) (infield hit) Slamet Pamungkas scores
|
|
Batting: LHB Edwin Aguilar
|
0-0: Ball Jerry Escamilla steals 2nd base (no throw) 1-0: Ground out 3-1 (Groundball, 3D, EV 99.4 MPH)
|
| Top of the 3rd over - 2 runs, 3 hits, 0 errors, 1 left on base; Indianapolis 2 - Louisville 0 |
| BOTTOM OF THE 3RD |
|
Louisville Bats batting - Pitching for Indianapolis Indians : RHP Antonio Alvarez
|
|
Batting: RHB Ryan Short
|
0-0: Fly out, F8 (Flyball, 8RD, EV 86.2 MPH)
|
|
Batting: RHB Danny Real
|
0-0: Ball 1-0: Ball 2-0: Called Strike 2-1: Ball 3-1: SINGLE (Groundball, 56, EV 97.5 MPH)
|
|
Batting: RHB Bruno André
|
0-0: Called Strike Danny Real steals 2nd base (no throw) 0-1: Swinging Strike 0-2: Fly out, F7 (Flyball, 78M, EV 89.4 MPH)
|
|
Batting: SHB Freddie Farrar
|
0-0: Called Strike 0-1: Ground out 4-3 (Groundball, 4, EV 99.4 MPH)
|
| Bottom of the 3rd over - 0 runs, 1 hit, 0 errors, 1 left on base; Indianapolis 2 - Louisville 0 |
| TOP OF THE 4TH |
|
Indianapolis Indians batting - Pitching for Louisville Bats : RHP Roberto Cortez
|
|
Batting: RHB Adam Kaeser
|
0-0: Ball 1-0: Ball 2-0: Ball 3-0: Base on Balls
|
|
Batting: RHB Caleb Russell
|
0-0: Ball 1-0: Swinging Strike 1-1: Grounds into double play, 4-6-3 (Groundball, 4, EV 100.0 MPH)
|
|
Batting: RHB Luis Ramos
|
0-0: Called Strike 0-1: Ball 1-1: Called Strike 1-2: Strikes out swinging
|
| Top of the 4th over - 0 runs, 0 hits, 0 errors, 0 left on base; Indianapolis 2 - Louisville 0 |
| BOTTOM OF THE 4TH |
|
Louisville Bats batting - Pitching for Indianapolis Indians : RHP Antonio Alvarez
|
|
Batting: RHB Won-jun Park
|
0-0: Called Strike 0-1: Ground out 6-3 (Groundball, 6D, EV 83.8 MPH)
|
|
Batting: LHB Satoru Handa
|
0-0: Ball 1-0: Foul Ball, location: 2F 1-1: Foul Ball, location: 2F 1-2: Reached on error, E4 (Groundball, 4, EV 88.8 MPH)
|
|
Batting: RHB Pedro Pinero
|
0-0: Called Strike Satoru Handa is caught stealing 2nd base 2-4 0-1: Foul Ball, location: 2F 0-2: Ball 1-2: Strikes out swinging, 2-3 out at first.
|
| Bottom of the 4th over - 0 runs, 0 hits, 1 error, 0 left on base; Indianapolis 2 - Louisville 0 |
| TOP OF THE 5TH |
|
Indianapolis Indians batting - Pitching for Louisville Bats : RHP Roberto Cortez
|
|
Batting: LHB Jorge Quintana
|
0-0: Called Strike 0-1: Foul Ball, location: 2F 0-2: Foul Ball, location: 2F 0-2: Ball 1-2: Ball 2-2: Strikes out swinging
|
|
Batting: RHB Matt Keef
|
0-0: Fly out, F8 (Flyball, 89D, EV 86.2 MPH)
|
|
Batting: RHB Slamet Pamungkas
|
0-0: Called Strike 0-1: Foul Ball, location: 2F 0-2: Ball 1-2: Foul Ball, location: 2F 1-2: Fly out, F7 (Flyball, 7S, EV 90.6 MPH)
|
| Top of the 5th over - 0 runs, 0 hits, 0 errors, 0 left on base; Indianapolis 2 - Louisville 0 |
| BOTTOM OF THE 5TH |
|
Louisville Bats batting - Pitching for Indianapolis Indians : RHP Antonio Alvarez
|
|
Batting: RHB Eric Sullivan
|
0-0: Foul Ball, location: 2F 0-1: Foul Ball, location: 2F 0-2: Ball 1-2: Strikes out swinging
|
|
Batting: RHB Jay Jacobson
|
0-0: Foul Ball, location: 2F 0-1: SINGLE (Line Drive, 9LS, EV 105.6 MPH)
|
|
Batting: RHB Ryan Short
|
0-0: Ball Jay Jacobson steals 2nd base 1-0: Called Strike 1-1: Ball 2-1: Swinging Strike 2-2: Ball 3-2: Fly out, F3 (Popup, 3F, EV 73.8 MPH)
|
|
Batting: RHB Danny Real
|
0-0: Ball 1-0: Fly out, F7 (Flyball, 78M, EV 90.6 MPH)
|
| Bottom of the 5th over - 0 runs, 1 hit, 0 errors, 1 left on base; Indianapolis 2 - Louisville 0 |
| TOP OF THE 6TH |
|
Indianapolis Indians batting - Pitching for Louisville Bats : RHP Roberto Cortez
|
|
Batting: RHB Jason Gee
|
0-0: Ball 1-0: Swinging Strike 1-1: Ball 2-1: Foul Ball, location: 2F 2-2: Ball 3-2: Foul Ball, location: 2F 3-2: Base on Balls
|
|
Batting: RHB Jerry Escamilla
|
0-0: Grounds into double play, 5-4-3 (Groundball, 5, EV 107.5 MPH)
|
|
Batting: LHB Edwin Aguilar
|
0-0: SINGLE (Groundball, 34D, EV 106.9 MPH)
|
|
Batting: RHB Adam Kaeser
|
0-0: Called Strike 0-1: Fly out, F6 (Line Drive, 6D, EV 64.4 MPH)
|
| Top of the 6th over - 0 runs, 1 hit, 0 errors, 1 left on base; Indianapolis 2 - Louisville 0 |
| BOTTOM OF THE 6TH |
|
Louisville Bats batting - Pitching for Indianapolis Indians : RHP Antonio Alvarez
|
|
Batting: RHB Bruno André
|
0-0: Called Strike 0-1: Swinging Strike 0-2: Foul Ball, location: 2F 0-2: Foul Ball, location: 2F 0-2: Ball 1-2: Ball 2-2: Strikes out swinging
|
|
Batting: SHB Freddie Farrar
|
0-0: Called Strike 0-1: Ball 1-1: Ball 2-1: Called Strike 2-2: Ball 3-2: Ground out 4-3 (Groundball, 4S, EV 86.9 MPH)
|
|
Batting: RHB Won-jun Park
|
0-0: Foul Ball, location: 2F 0-1: SINGLE (Groundball, 56D, EV 98.1 MPH)
|
|
Batting: LHB Satoru Handa
|
0-0: Called Strike 0-1: Ball 1-1: Ball 2-1: SINGLE (Groundball, 4M, EV 103.1 MPH) (infield hit) Won-jun Park to second
|
|
Batting: RHB Pedro Pinero
|
0-0: Called Strike 0-1: Ball 1-1: Ball 2-1: DOUBLE (Line Drive, 89XD, EV 105.6 MPH) Won-jun Park scores Satoru Handa to third Runner from 3rd tries for Home, SAFE, throw by CF to home
|
|
Batting: RHB Eric Sullivan
|
0-0: Ball 1-0: Ball 2-0: Ball 3-0: Base on Balls
|
|
Batting: RHB Jay Jacobson
|
0-0: Called Strike 0-1: Swinging Strike 0-2: Strikes out swinging
|
| Bottom of the 6th over - 2 runs, 3 hits, 0 errors, 2 left on base; Indianapolis 2 - Louisville 2 |
| TOP OF THE 7TH |
|
Indianapolis Indians batting - Pitching for Louisville Bats : RHP Roberto Cortez
|
|
Batting: RHB Caleb Russell
|
0-0: Swinging Strike 0-1: Called Strike 0-2: Ball 1-2: Ball 2-2: Strikes out swinging
|
|
Batting: RHB Luis Ramos
|
0-0: Ball 1-0: Ball 2-0: Ball 3-0: Called Strike 3-1: Foul Ball, location: 2F 3-2: Foul Ball, location: 2F 3-2: Reached on error, E3 (Groundball, 34, EV 100.0 MPH)
|
|
Batting: LHB Jorge Quintana
|
0-0: Ball Luis Ramos steals 2nd base (no throw) 1-0: Intentional Walk
|
|
Batting: RHB Matt Keef
|
0-0: Called Strike 0-1: Fielders Choice at 2nd, 4-6 (Groundball, 4M, EV 85.0 MPH) Luis Ramos to third
|
|
Batting: RHB Slamet Pamungkas
|
0-0: Ball 1-0: Foul Ball, location: 2F 1-1: Called Strike 1-2: Ball 2-2: Strikes out swinging
|
| Top of the 7th over - 0 runs, 0 hits, 1 error, 2 left on base; Indianapolis 2 - Louisville 2 |
| BOTTOM OF THE 7TH |
|
Louisville Bats batting - Pitching for Indianapolis Indians : RHP Antonio Alvarez
|
|
Batting: RHB Ryan Short
|
0-0: Called Strike 0-1: SINGLE (Flyball, 9LS, EV 96.9 MPH)
|
|
Batting: RHB Danny Real
|
0-0: Ball 1-0: Ball 2-0: Called Strike 2-1: SINGLE (Flyball, 4D, EV 93.8 MPH) Ryan Short to second
|
|
Pitching: LHP Hideharu Omoto
|
|
|
Batting: RHB Bruno André
|
0-0: Ball 1-0: Foul Ball, location: 2F 1-1: Ball 2-1: Ball 3-1: Base on Balls Ryan Short to third Danny Real to second
|
|
Batting: SHB Freddie Farrar
|
0-0: Foul Ball, location: 2F 0-1: Foul Ball, location: 2F 0-2: Strikes out looking
|
|
Batting: RHB Won-jun Park
|
0-0: Ball 1-0: Foul Ball, location: 2F 1-1: Ball 2-1: Called Strike 2-2: Ball 3-2: Base on Balls Ryan Short scores Danny Real to third Bruno André to second
|
|
Batting: LHB Satoru Handa
|
0-0: Called Strike 0-1: Ball 1-1: SINGLE (Groundball, 4, EV 95.0 MPH) Danny Real scores Bruno André to third Won-jun Park to second Runner from 3rd tries for Home, SAFE, throw by CF to home
|
|
Batting: RHB Pedro Pinero
|
0-0: Ball 1-0: Grounds into double play, 4-6-3 (Groundball, 4, EV 80.0 MPH)
|
| Bottom of the 7th over - 3 runs, 3 hits, 0 errors, 1 left on base; Indianapolis 2 - Louisville 5 |
| TOP OF THE 8TH |
|
Indianapolis Indians batting - Pitching for Louisville Bats : RHP Roberto Cortez
|
|
Pitching: RHP Giovonni Morgia
|
|
|
Batting: RHB Jason Gee
|
0-0: Fly out, F7 (Flyball, 7D, EV 95.0 MPH)
|
|
Batting: RHB Jerry Escamilla
|
0-0: Ball 1-0: Swinging Strike 1-1: Ball 2-1: Foul Ball, location: 2F 2-2: Ball 3-2: Strikes out swinging
|
|
Batting: LHB Edwin Aguilar
|
0-0: Called Strike 0-1: Swinging Strike 0-2: Ball 1-2: Ball 2-2: Foul Ball, location: 2F 2-2: Ball 3-2: Strikes out looking
|
| Top of the 8th over - 0 runs, 0 hits, 0 errors, 0 left on base; Indianapolis 2 - Louisville 5 |
| BOTTOM OF THE 8TH |
|
Louisville Bats batting - Pitching for Indianapolis Indians : LHP Hideharu Omoto
|
|
Pitching: RHP Mario Medrano
|
|
|
Batting: RHB Eric Sullivan
|
0-0: Called Strike 0-1: Foul Ball, location: 2F 0-2: Strikes out looking
|
|
Batting: RHB Jay Jacobson
|
0-0: Ball 1-0: Called Strike 1-1: Foul Ball, location: 2F 1-2: Strikes out swinging
|
|
Batting: RHB Ryan Short
|
0-0: Called Strike 0-1: Foul Ball, location: 2F 0-2: Strikes out swinging
|
| Bottom of the 8th over - 0 runs, 0 hits, 0 errors, 0 left on base; Indianapolis 2 - Louisville 5 |
| TOP OF THE 9TH |
|
Indianapolis Indians batting - Pitching for Louisville Bats : RHP Giovonni Morgia
|
|
Pitching: RHP Robbie Delgado
|
|
|
Batting: RHB Adam Kaeser
|
0-0: Ball 1-0: SINGLE (Line Drive, 9S, EV 111.9 MPH)
|
|
Batting: RHB Caleb Russell
|
0-0: Called Strike 0-1: Ball 1-1: Ball 2-1: Swinging Strike 2-2: Strikes out swinging
|
|
Batting: RHB Luis Ramos
|
0-0: Foul Ball, location: 2F 0-1: Grounds into double play, 6-4-3 (Groundball, 6M, EV 84.4 MPH)
|
| Top of the 9th over - 0 runs, 1 hit, 0 errors, 0 left on base; Indianapolis 2 - Louisville 5 |
|